 Dungeon Crawl Stone Soup version 0.23.2 (webtiles) character file.

Game seed: 0

1319 Yunesin the Cleaver (level 8, -1/71 HPs)
             Began as a Hill Orc Fighter on Mar 15, 2019.
             Succumbed to an orc wizard's poison
             ... on level 5 of the Dungeon on Apr 2, 2019.
             The game lasted 00:16:59 (5055 turns).

Yunesin the Cleaver (Hill Orc Fighter)              Turns: 5055, Time: 00:16:59

Health: -1/71      AC: 11    Str: 19    XL:     8   Next: 59%
Magic:  8/8        EV:  7    Int: 10    God:
Gold:   77         SH: 10    Dex: 10    Spells: 7/7 levels left

rFire    . . .     SeeInvis .   a - +0 war axe
rCold    . . .     Gourm    .   c - +0 shield
rNeg     . . .     Faith    .   b - +0 scale mail
rPois    .         Spirit   .   w - +1 helmet
rElec    .         Reflect  .   (no cloak)
rCorr    .         Harm     .   A - +0 pair of gloves
MR       .....                  (no boots)
Stlth    ..........             (no amulet)
HPRegen  0.21/turn              (no ring)
MPRegen  0.11/turn              (no ring)

@: lethally poisoned (-1 -> -34)
A: no striking features
a: no special abilities


You were on level 5 of the Dungeon.
You were not hungry.

You visited 1 branch of the dungeon, and saw 5 of its levels.

You collected 192 gold pieces.
You spent 115 gold pieces at shops.

Inventory:

Hand Weapons
 a - a +0 war axe (weapon)
 m - a +1 arbalest of freezing
Missiles
 r - 6 javelins (quivered)
Armour
 b - a +0 scale mail (worn)
 c - a +0 shield (worn)
 w - a +1 helmet (worn)
 A - a +0 pair of gloves (worn)
Wands
 o - a wand of enslavement (2)
 s - a wand of polymorph (5)
 B - a wand of scattershot (4)
Scrolls
 e - a scroll of amnesia {unknown}
 j - a scroll of enchant armour {unknown}
 n - a scroll of remove curse {unknown}
 p - 3 scrolls of teleportation
 t - a scroll of enchant weapon {unknown}
 y - a scroll of identify
Potions
 d - 2 potions of might
 g - 3 potions of lignification {unknown}
 h - 4 potions of flight {unknown}
 i - 3 potions of curing {unknown}
 k - 3 potions of heal wounds {unknown}
 l - a potion of mutation {unknown}
 q - 2 potions of haste {unknown}
 u - a potion of degeneration {unknown}
 v - a potion of brilliance {unknown}
 x - a potion of cancellation {unknown}
 C - a potion of magic {unknown}
Comestibles
 f - 9 rations


   Skills:
 + Level 6.5 Fighting
 * Level 8.8 Axes
 + Level 5.9 Armour
 + Level 6.0 Shields


You had 7 spell levels left.
You didn't know any spells.
Your spell library was empty.

Dungeon Overview and Level Annotations

Branches:
Dungeon (5/15)
 Temple: D:4-7

Altars:
Okawaru
Ru
Xom
Yredelemnul
Zin
The Shining One

Shops:
D:4 [


Message History

You miss something.
* * * LOW HITPOINT WARNING * * *
You feel very sick.
An orc wizard appears from thin air!
Reactivating autopickup.
The orc wizard hits you but does no damage.
You are more poisoned.
The orc wizard barely misses you.
You slash the orc wizard!
The orc wizard is severely wounded.
* * * LOW HITPOINT WARNING * * *
You feel very sick. The orc wizard casts a spell at you.
The puff of flame misses you.
You slash the orc wizard!
You kill the orc wizard!
Your Shields skill increases to level 6!
* * * LOW HITPOINT WARNING * * *
You feel very sick.
You die...

#######....#
#.#######....#
#............#
######......#
#.##[..#
#.##...# .
#.##...# ...
#.##...###.....
#.#...@)†......
..#....##......
.##....# .....
. #....# ....
#.#### ... ...
.. #.## . #.


There were no monsters in sight!

Vanquished Creatures
  Grinder (D:4)
  Sigmund (D:3)
  A sky beast (D:5)
  An ice beast (D:5)
  2 ogres
  A centaur (D:5)
  A scorpion (D:5)
  A crimson imp (D:5)
  An orc priest (D:4)
  2 hounds (D:5)
  5 orc wizards
  Jessica (D:3)
  Natasha (D:3)
  A howler monkey skeleton (D:5)
  10 adders
  4 oozes
  2 worms
  A dart slug (D:1)
  3 leopard geckos
  13 orcs
  9 bats
  A giant cockroach (D:2)
  8 goblins
  7 hobgoblins
  9 jackals
  12 kobolds
  3 quokkas
  2 ball pythons
  5 frilled lizards
  A jackal skeleton (D:4)
  7 rats
117 creatures vanquished.

Vanquished Creatures (others)
  A hobgoblin (D:2)
1 creature vanquished.

Grand Total: 118 creatures vanquished

Notes
Turn   | Place    | Note
-------+----------+-------------------------------------------
     0 | D:1      | Yunesin the Hill Orc Fighter began the quest for the Orb.
     0 | D:1      | Reached XP level 1. HP: 19/19 MP: 1/1
   100 | D:1      | Reached skill level 3 in Axes
   289 | D:1      | Reached XP level 2. HP: 26/27 MP: 2/2
   556 | D:1      | Reached XP level 3. HP: 31/33 MP: 3/3
   962 | D:2      | Found a basalt altar of Yredelemnul.
   971 | D:2      | Found a glowing golden altar of the Shining One.
  1245 | D:2      | Reached skill level 4 in Axes
  1248 | D:2      | Reached XP level 4. HP: 39/40 MP: 4/4
  1508 | D:2      | Found an iron altar of Okawaru.
  1786 | D:2      | Noticed an angel
  1847 | D:3      | Reached XP level 5. HP: 43/47 MP: 5/5
  1856 | D:3      | Noticed Sigmund
  1880 | D:3      | Killed Sigmund
  1880 | D:3      | Reached skill level 5 in Axes
  1880 | D:3      | Reached XP level 6. HP: 33/55 MP: 6/6
  2055 | D:3      | Reached skill level 5 in Fighting
  2364 | D:3      | Noticed Jessica
  2385 | D:3      | Killed Jessica
  2385 | D:3      | Reached skill level 6 in Axes
  2710 | D:3      | Noticed Natasha
  2724 | D:3      | Killed Natasha
  3307 | D:3      | Found a sacrificial altar of Ru.
  3442 | D:4      | Reached XP level 7. HP: 45/61 MP: 7/7
  3605 | D:4      | Found a shimmering altar of Xom.
  3650 | D:4      | Found Vogoanu's Armour Emporium.
  3655 | D:4      | Bought a +1 helmet for 115 gold pieces
  3784 | D:4      | Found a glowing silver altar of Zin.
  3840 | D:4      | Noticed Grinder
  3850 | D:4      | Paralysed by Grinder for 6 turns
  3858 | D:4      | Paralysed by Grinder for 5 turns
  3872 | D:4      | Killed Grinder
  3872 | D:4      | Reached skill level 7 in Axes
  3872 | D:4      | Reached skill level 5 in Armour
  3872 | D:4      | Reached skill level 5 in Shields
  4036 | D:4      | Upgraded the game from 0.23.1 to 0.23.2
  4576 | D:5      | Entered Level 5 of the Dungeon
  4594 | D:5      | Reached XP level 8. HP: 55/70 MP: 8/8
  4708 | D:5      | Reached skill level 8 in Axes
  5054 | D:5      | HP: 1/71 [poisoned by an orc wizard]
  5055 | D:5      | Succumbed to an orc wizard's poison

Skill      XL: |  1  2  3  4  5  6  7  8 |
---------------+-------------------------+-----
Axes           | 3 4 5 6 7 8 |  8.8
Fighting       | 4 5 6 |  6.5
Armour         | 4 5 |  5.9
Shields        | 4 5 6 |  6.0

Action                   |  1- 3 |  4- 6 |  7- 9 || total
-------------------------+-------+-------+-------++-------
Melee: War axe           |    96 |   186 |   158 ||   440
       Unarmed           |       |    17 |       ||    17
  Use: Scroll            |       |     4 |       ||     4
  Eat: Chunk             |     1 |     7 |     6 ||    14
Armor: Scale mail        |    51 |    91 |    62 ||   204
Dodge: Dodged            |    31 |    49 |    39 ||   119
Block: Shield            |    50 |   104 |    60 ||   214
